 Dungeon Crawl Stone Soup version 0.31-a0-355-g57cb03d3e8 (webtiles) character file.

Game seed: 9638599779238988663

3507 Monkooky the Grappler (level 10, -1/53 HPs)
             Began as a Vine Stalker Shapeshifter on July 24, 2023.
             Was the Champion of Jiyva.
             Engulfed by a fire crab's flame (18 damage)
             ... on level 9 of the Dungeon.
             The game lasted 00:15:19 (5726 turns).

Monkooky the Grappler (Vine Stalker Shapeshifter)   Turns: 5726, Time: 00:15:20

Health: -1/53      AC: 10    Str: 19    XL:     10   Next: 7%
Magic:  0/11       EV: 20    Int:  6    God:    Jiyva [******]
Gold:   369        SH:  0    Dex: 24    Spells: 9/9 levels left

rFire   . .          .
                       - Unarmed
rCold   . . .        (no shield)
rNeg    . . .        K - +0 steam dragon scales
rPois   .            r - +0 helmet
rElec   .            q - +2 cloak
rCorr   +            (no gloves)
SInv    .            (no boots)
Will    ++...        (no amulet)
Stlth   ++           j - +5 ring of evasion
HPRegen 2.68/turn    E - ring of willpower
MPRegen 0.62/turn

%: guardian spirit
@: no status effects
A: fangs 3, regeneration 1, magic shield, antimagic bite, no potion heal 2,
agile 2, mutation resistance 2, sense surroundings 1, engulf
a: Renounce Religion, Oozemancy, Slimify


You were on level 9 of the Dungeon.
You worshipped Jiyva.
Jiyva was exalted by your worship.
You visited 1 branch of the dungeon, and saw 9 of its levels.

You collected 369 gold pieces.

Inventory:

Hand Weapons
 b - a +4 quarterstaff of chaos
 A - a +0 flail
Missiles
 t - 4 javelins
 u - 3 curare-tipped darts
 z - 2 throwing nets
Armour
 a - a +0 animal skin
 m - a +0 ring mail
 q - a +2 cloak (worn)
 r - a +0 helmet (worn)
 B - a +1 leather armour of cold resistance
 H - a +0 plate armour
 K - +0 steam dragon scales (worn)
Jewellery
 j - a +5 ring of evasion (left hand)
 E - a ring of willpower (right hand)
Talismans
 c - a beast talisman
Wands
 k - a wand of polymorph (4)
 v - a wand of flame (10)
 I - a wand of iceblast (9)
 J - a wand of mindburst (18)
Scrolls
 e - 3 scrolls of teleportation
 l - a scroll of torment
 n - 2 scrolls of poison {unknown}
 s - a scroll of revelation
 w - a scroll of enchant weapon {unknown}
 x - 2 scrolls of fear {unknown}
 y - 3 scrolls of fog {unknown}
 D - a scroll of noise
 F - 2 scrolls of vulnerability {unknown}
 L - a scroll of blinking
Potions
 d - a potion of enlightenment {unknown}
 f - a potion of cancellation
 g - 2 potions of mutation {unknown}
 h - a potion of haste {unknown}
 i - 2 potions of brilliance {unknown}
 o - a potion of attraction {unknown}
 p - a potion of ambrosia {unknown}
 C - 2 potions of invisibility {unknown}
 G - a potion of curing {unknown}


   Skills:
 * Level 6.4 Fighting
 + Level 3.9 Armour
 + Level 4.3 Dodging
 + Level 10.4 Unarmed Combat
 - Level 3.0 Shapeshifting


You had 9 spell levels left.
You didn't know any spells.
Your spell library contained the following spells:

 Spells                   Type           Power      Damage    Failure   Level
 Blink                    Tloc           0%         N/A       58%         2
 Lesser Beckoning         Tloc           0%         N/A       58%         2
 Momentum Strike          Conj/Tloc      0%         3d8       58%         2
 Summon Ice Beast         Ice/Summ       0%         N/A       99%         4
 Summon Mana Viper        Hex/Summ       0%         N/A       100%        5
 Monstrous Menagerie      Summ           0%         N/A       100%        7


Dungeon Overview and Level Annotations

Branches:
Dungeon (9/15)             Temple (0/1) D:6            Lair (0/5) D:9
    Orc (0/2) D:9

Altars:
Dithmenos
Trog
Uskayaw
Vehumet
The Shining One
Jiyva

Shops:
D:2 [

Annotations:
D:8 2 transporters, shadowrider38's ghost, novice VSSh


Innate Abilities, Weirdness & Mutations

You have razor-sharp teeth.
Your natural rate of healing is unusually fast.
When hurt, damage is shared between your health and your magic reserves.
Your bite disrupts and absorbs the magic of your enemies.
Potions cannot restore your health.
You are very agile. (Dex +8, Str/Int -2)
You are somewhat resistant to both further mutation and mutation removal.
You passively map a small area around you.
Your melee attacks may engulf your foes in ooze.


Message History

You see here 2 stones.
Your azure jelly dissolves into a puddle of slime!
You see here 2 stones.
u - 3 curare-tipped darts (gained 1)
Items here: ( ))) †.
You see here a troll corpse.
Found a scroll of noise.
Found a staircase to the Lair.
A fire crab comes into view.
Found 15 gold pieces.
You see here a scroll of noise.
A wraith comes into view.
The fire crab breathes flames at you. The blast of flame misses you.
Found a war axe.
You are engulfed in blazing flames.
The wraith hits you!
You punch the wraith!
The wraith is moderately damaged.
You are engulfed in blazing flames.
The wraith completely misses you.
You hit the wraith. You bite the wraith. You drain its power.
You feel invigorated.
The wraith is moderately damaged.
You are engulfed in blazing flames.
You shudder from the blast and a jelly pops out!
The wraith hits you.
Found a throwing net.
The wraith completely misses you. The fire crab breathes flames at you.
The blast of flame engulfs you but does no damage.
You see here 15 gold pieces.
Found a dark potion.
You are engulfed in blazing flames.
* * * LOW HITPOINT WARNING * * *
Your azure jelly is engulfed in blazing flames.
Your azure jelly hits the wraith.
Your azure jelly freezes the wraith!
The wraith resists.
Your azure jelly hits the wraith.
Your azure jelly freezes the wraith!
The wraith resists.
The wraith is destroyed!
The fire crab breathes flames at you.
The blast of flame engulfs you but does no damage.
Unknown command.
You are engulfed in blazing flames.
You die...

* ,,..........~~....
####.#####..............
..................(.....
.(....)...##########..)#
..........# ###)#
.......... #####..
.....○○○! #......
*#..○○### #......
#..○@°°# #.†....
#..○J○°########......
#..○°°○...?..........
#.....○≈≈§§§......)..
#.......≈≈≈≈.§........#
.......≈≈≈t.≈§...~...##
.....#..§≈.>§§§.......##
.....#..§≈§§§≈§.......##
... #..§§§§§≈........#


You could see a fire crab (ally target) and a friendly azure jelly (summoned).

Vanquished Creatures
  Sigmund (D:3)
  A wyvern (D:8)
  3 steam dragons
  A water moccasin (D:6)
  An orc warrior (D:7)
  2 sky beasts
  An ogre (D:4)
  A centaur (D:4)
  A phantom (D:5)
  2 kobold brigands
  A gnoll sergeant (D:5)
  2 scorpions
  7 wights
  2 howler monkeys
  Crazy Yiuf (D:2)
  A hound (D:7)
  4 orc priests
  A gnoll bouda (D:8)
  5 adders
  12 gnolls
  2 ufetubi
  2 worms
  3 dart slugs
  23 orcs
  3 ball pythons
  3 endoplasms
  3 giant cockroaches (D:1)
  8 goblins
  3 hobgoblins
  2 jackals (D:1)
  3 quokkas
  10 bats
  7 frilled lizards
  22 kobolds
  3 rats
147 creatures vanquished.

Vanquished Creatures (collateral kills)
  A gargoyle (D:9)
  Maggie (D:7)
  A troll (D:9)
  A wraith (D:9)
  An orc warrior (D:7)
  A kobold brigand (D:9)
  A kobold (D:9)
7 creatures vanquished.

Vanquished Creatures (others)
  A centaur (D:4)
  A scorpion (D:6)
  2 wights (D:8)
  A killer bee (D:8)
  2 howler monkeys (D:8)
  11 jellies
  3 orc priests (D:7)
  2 orc wizards
  A sleepcap (D:6)
  5 adders
  A white imp (D:7)
  A worm (D:4)
  2 endoplasms (D:4)
  16 orcs
  5 goblins
  A quokka (D:5)
55 creatures vanquished.

Grand Total: 209 creatures vanquished

Notes
Turn   | Place    | Note
-------+----------+-------------------------------------------
     0 | D:1      | Monkooky the Vine Stalker Shapeshifter began the quest for
                  | the Orb.
     0 | D:1      | Reached XP level 1. HP: 9/9 MP: 2/2
    52 | D:1      | Reached XP level 2. HP: 2/14 MP: 1/3
   302 | D:1      | Reached skill level 4 in Unarmed Combat
   490 | D:1      | Reached XP level 3. HP: 17/17 MP: 4/4
   935 | D:2      | Found a faded altar of an unknown god.
   945 | D:2      | Prayed at the altar of an unknown god.
   945 | D:2      | Became a worshipper of Jiyva Jaefara the Shapeless
   945 | D:2      | Reached * piety under Jiyva
  1032 | D:2      | Found Boawkaon's Antique Armour Emporium.
  1130 | D:2      | Found a runed translucent door.
  1131 | D:2      | Noticed Crazy Yiuf
  1142 | D:2      | Killed Crazy Yiuf
  1143 | D:2      | Reached skill level 5 in Unarmed Combat
  1143 | D:2      | Gained mutation: Your natural rate of healing is unusually
                  | fast. [Vine Stalker growth]
  1143 | D:2      | Reached XP level 4. HP: 14/21 MP: 1/5
  1476 | D:2      | Reached ** piety under Jiyva
  1737 | D:3      | Reached XP level 5. HP: 25/25 MP: 6/6
  2198 | D:3      | Noticed Sigmund
  2209 | D:3      | Killed Sigmund
  2210 | D:3      | Reached skill level 6 in Unarmed Combat
  2210 | D:3      | Reached XP level 6. HP: 29/29 MP: 7/7
  2322 | D:4      | Reached skill level 7 in Unarmed Combat
  2357 | D:4      | Reached *** piety under Jiyva
  2592 | D:4      | Noticed a sky beast
  2599 | D:4      | Killed a sky beast
  2600 | D:4      | Reached XP level 7. HP: 28/32 MP: 5/8
  2690 | D:4      | Reached skill level 8 in Unarmed Combat
  2754 | D:4      | Identified the +6 hand axe of Flawed Execution {drain,
                  | rPois rF+ rC+}
  3014 | D:5      | Entered Level 5 of the Dungeon
  3199 | D:5      | Reached skill level 9 in Unarmed Combat
  3265 | D:5      | Gained mutation: You have razor-sharp teeth. [Vine Stalker
                  | growth]
  3265 | D:5      | Reached XP level 8. HP: 37/37 MP: 9/9
  3340 | D:5      | Found a shadowy altar of Dithmenos.
  3350 | D:5      | Found a radiant altar of Vehumet.
  3350 | D:5      | Found a bloodstained altar of Trog.
  3573 | D:5      | Gained mutation: You are somewhat resistant to further
                  | mutation. [Jiyva's grace]
  3573 | D:5      | Gained mutation: You are somewhat resistant to both further
                  | mutation and mutation removal. [Jiyva's grace]
  3573 | D:5      | Gained mutation: You are almost entirely resistant to
                  | further mutation and mutation removal. [Jiyva's grace]
  3573 | D:5      | Gained mutation: Armour fits poorly on your pseudopods.
                  | [Jiyva's grace]
  3698 | D:5      | Found a glowing golden altar of the Shining One.
  3700 | D:5      | Reached **** piety under Jiyva
  3878 | D:6      | Found a staircase to the Ecumenical Temple.
  3942 | D:6      | Reached skill level 1 in Fighting
  4041 | D:6      | Reached ***** piety under Jiyva
  4201 | D:7      | Reached skill level 1 in Armour
  4817 | D:7      | Noticed Maggie
  4835 | D:7      | Killed Maggie
  4836 | D:7      | Reached XP level 9. HP: 41/45 MP: 10/10
  5001 | D:8      | Lost mutation: You are almost entirely resistant to further
                  | mutation and mutation removal. [Jiyva's grace]
  5001 | D:8      | Lost mutation: Armour fits poorly on your pseudopods.
                  | [Jiyva's grace]
  5001 | D:8      | Gained mutation: You are agile. (Dex +4, Str/Int -1)
                  | [Jiyva's grace]
  5001 | D:8      | Gained mutation: You are very agile. (Dex +8, Str/Int -2)
                  | [Jiyva's grace]
  5001 | D:8      | Gained mutation: Your melee attacks may engulf your foes in
                  | ooze. [Jiyva's grace]
  5001 | D:8      | Gained mutation: You passively map a small area around you.
                  | [Jiyva's grace]
  5006 | D:8      | Found a transporter.
  5006 | D:8      | Noticed a queen bee
  5034 | D:8      | Noticed shadowrider38's ghost (novice VSSh)
  5036 | D:8      | Found a transporter.
  5116 | D:8      | Reached skill level 5 in Fighting
  5303 | D:8      | Reached skill level 10 in Unarmed Combat
  5565 | D:8      | Upgraded the game from 0.31-a0-354-g827e0957a7 to
                  | 0.31-a0-355-g57cb03d3e8
  5604 | D:9      | Found a staircase to the Orcish Mines.
  5633 | D:9      | Found a hide-covered altar of Uskayaw.
  5667 | D:9      | Noticed a gargoyle
  5672 | D:9      | Reached ****** piety under Jiyva
  5679 | D:9      | Killed a gargoyle
  5680 | D:9      | Noticed a troll
  5684 | D:9      | Killed a troll
  5685 | D:9      | Reached XP level 10. HP: 41/53 MP: 7/11
  5712 | D:9      | Found a staircase to the Lair.
  5713 | D:9      | Noticed a fire crab
  5726 | D:9      | Engulfed by a fire crab's flame

Illustrated notes

Levels and vault maps discovered:
D:1:      dpeg_arrival_stone_temple_mockup, layout_basic,
          minmay_misc_feat_enclosed
D:2:      layout_basic, serial_glass, glass_columns_b, glass_columns_a,
          serial_shops, shop, ebering_ecumenical_altar_hall,
          uniq_crazy_yiuf_cottage
D:3:      layout_basic, minmay_pentomino_pile, uniq_sigmund
D:4:      layout_loops_corners
D:5:      layout_cave_pods, kennysheep_mini_moat, grunt_temple_overflow_diamond,
          skrybe_limestone_x
D:6:      layout_rooms, minmay_temple_entry_antechambers
D:7:      layout_loops_ring, uniq_maggie
D:8:      layout_loops_ring, gammafunk_ghost_hive
D:9:      layout_basic, nicolae_uskayaw_dance_studio, minitemple,
          mainiacjoe_overflow_paths, minmay_lair_entry_lava, orc_0_dummy,
          uniq_prince_ribbit1

Skill      XL: |  1  2  3  4  5  6  7  8  9 |
---------------+----------------------------+-----
Unarmed Combat | 4 5 6 7 9 10 | 10.4
Fighting       | 3 6 |  6.4
Armour         | 2 3 |  3.9
Dodging        | 2 4 |  4.3
Shapeshifting  | |  3.0

Action                     |  1- 3 |  4- 6 |  7- 9 | 10-12 || total
---------------------------+-------+-------+-------+-------++-------
  Melee: Unarmed           |    89 |    88 |   221 |     5 ||   403
         Bite              |    21 |    22 |    76 |     1 ||   120
         Punch             |       |     3 |    16 |       ||    19
         Pseudopods        |       |       |    19 |       ||    19
 Invoke: Oozemancy         |       |       |     1 |       ||     1
    Use: Potion            |     1 |       |     1 |       ||     2
         Scroll            |       |       |     5 |       ||     5
   Stab: Sleeping          |     2 |       |       |       ||     2
         Distracted        |     1 |       |       |       ||     1
 Armour: Animal skin       |    15 |       |       |       ||    15
         Ring mail         |     8 |    30 |     3 |       ||    41
         Skin              |     1 |       |       |       ||     1
         Leather armour    |       |       |    11 |       ||    11
         Plate armour      |       |       |     6 |       ||     6
         Steam dragon scal |       |       |    20 |     3 ||    23
  Dodge: Dodged            |    71 |    72 |   168 |     6 ||   317
         Form:             |       |     1 |       |       ||     1

Table legend: (Time is in decaauts)
 A = Elapsed time spent in this place.
 B = Non-inter-level travel time spent in this place.
 C = Inter-level travel time spent in this place.
 D = Time resting spent in this place.
 E = Time spent auto-exploring this place.
 F = Levels seen in this place.
 G = Mean time per level.
                   A        B        C        D        E       F      G
               +--------+--------+--------+--------+--------+-----+--------+
         Total |   5666 |   5516 |    150 |     35 |   4164 |   9 |  629.6 |
       Dungeon |   5666 |   5516 |    150 |     35 |   4164 |   9 |  629.6 |
               +--------+--------+--------+--------+--------+-----+--------+

Top non-repeatable levels by time:
     D:1: 849 daAuts
     D:2: 773 daAuts
     D:7: 750 daAuts
     D:4: 750 daAuts
     D:5: 745 daAuts
     D:8: 645 daAuts
     D:3: 622 daAuts
     D:6: 382 daAuts
     D:9: 146 daAuts
